 Dungeon Crawl Stone Soup version 0.26-a0-818-g75db068ed4 (webtiles) character file.

Game seed: 5307227834371901956

42 sahdkjhfkaj the Ruffian (level 3, 37/37 HPs)
             Began as a Troll Berserker on Nov 15, 2020.
             Was a Believer of Trog.
             Quit the game on level 1 of the Dungeon.
             The game lasted 00:02:59 (405 turns).

sahdkjhfkaj the Ruffian (Troll Berserker)            Turns: 405, Time: 00:03:00

Health: 37/37      AC:  6    Str: 26    XL:     3   Next: 35%
Magic:  2/2        EV: 10    Int:  3    God:    Trog [**....]
Gold:   16         SH:  0    Dex:  9    Spells: 2/2 levels left

rFire    . . .     SeeInvis .     - Unarmed
rCold    . . .     Faith    .   (no shield)
rNeg     . . .     Spirit   .   a - +0 animal skin
rPois    .         Reflect  .   (helmet restricted)
rElec    .         Harm     .   (no cloak)
rCorr    .         Rampage  .   (gloves unavailable)
MR       .....                  (boots unavailable)
Stlth    +.........             (no amulet)
HPRegen  0.52/turn              (no ring)
MPRegen  0.08/turn              (no ring)

@: no status effects
A: large, unfitting armour, claws 3, regeneration 1, shaggy fur 1, tough skin 3
a: Berserk, Trog's Hand, Renounce Religion


You were on level 1 of the Dungeon.
You worshipped Trog.
Trog was pleased with you.
You visited 1 branch of the dungeon, and saw 1 of its levels.

You collected 16 gold pieces.

Inventory:

Missiles
 b - 60 stones (quivered)
Armour
 a - a +0 animal skin (worn)
Scrolls
 c - a scroll of random uselessness {!r, unknown}
 d - 2 scrolls of remove curse {!r, unknown}
 e - 2 scrolls of fog {!r, unknown}


   Skills:
 - Level 3.0 Fighting
 - Level 2.4 Dodging
 + Level 4.0 Unarmed Combat


You had 2 spell levels left.
You didn't know any spells.
Your spell library was empty.

Dungeon Overview and Level Annotations

Branches:
Dungeon (1/15)

Altars:


Innate Abilities, Weirdness & Mutations

You are too large for most types of armour.
You have claws for hands.
Your natural rate of healing is unusually fast.
You are covered in fur. (AC +1)
You have extremely tough skin. (AC +3)


Message History

The bat closely misses you. The bat closely misses you.
You scratch the bat.
You kill the bat!
Trog accepts your kill.
Training target 3.0 for Fighting reached!
Your Fighting skill increases to level 3!
You need to enable at least one skill for training.
Welcome back, sahdkjhfkaj the Troll Berserker.
Trog says: Kill them all!
Press ? for a list of commands and other information.
Welcome back, sahdkjhfkaj the Troll Berserker.
Trog says: Kill them all!
Press ? for a list of commands and other information.
Unknown command.
Saving game... please wait.
Welcome back, sahdkjhfkaj the Troll Berserker.
Trog says: Kill them all!
Press ? for a list of commands and other information.
Are you sure you want to abandon this character and quit the game? (Confirm with "yes".)

#.......### ....
.
#.###..#..##....
..
....#...#......
.##
#..#...#...#....
#.#...#.).#...#..
#...#...#)..#...#
#...#..†#...#..
..#...#...#...#
#...#.@†#...#..
..#...#...#....
#...#...#...#.#
#..#...#...#..##
###..#...#...##
###..#......
##.... ... #...#
#### ###


There were no monsters in sight!

Vanquished Creatures
  A gnoll (D:1)
  A dart slug (D:1)
  A leopard gecko (D:1)
  2 hobgoblins (D:1)
  7 jackals (D:1)
  6 bats (D:1)
  2 frilled lizards (D:1)
  5 goblins (D:1)
  A kobold (D:1)
  4 rats (D:1)
30 creatures vanquished.

Notes
Turn   | Place    | Note
-------+----------+-------------------------------------------
     0 | D:1      | sahdkjhfkaj the Troll Berserker began the quest for the
                  | Orb.
     0 | D:1      | Reached XP level 1. HP: 22/22 MP: 0/0
    77 | D:1      | Reached XP level 2. HP: 25/29 MP: 1/1
   145 | D:1      | Reached skill level 4 in Unarmed Combat
   385 | D:1      | Reached XP level 3. HP: 36/36 MP: 2/2
   386 | D:1      | Reached ** piety under Trog
   405 | D:1      | Quit the game

Illustrated notes

Levels and vault maps discovered:
D:1:      minmay_arrival_cross, layout_loops_ring, hex_medium

Skill      XL: |  1  2  3 |
---------------+----------+-----
Unarmed Combat | 4 |  4.0
Fighting       | 3 |  3.0
Dodging        | |  2.4

Action                   || total
-------------------------++-------
Melee: Unarmed           ||    78
Armor: Animal skin       ||    39
Dodge: Dodged            ||    40

Table legend: (Time is in decaauts)
 A = Elapsed time spent in this place.
 B = Non-inter-level travel time spent in this place.
 C = Inter-level travel time spent in this place.
 D = Time resting spent in this place.
 E = Time spent auto-exploring this place.
 F = Levels seen in this place.
 G = Mean time per level.
                   A        B        C        D        E       F      G
               +--------+--------+--------+--------+--------+-----+--------+
         Total |    399 |    399 |      0 |      0 |    231 |   1 |  399.0 |
       Dungeon |    399 |    399 |      0 |      0 |    231 |   1 |  399.0 |
               +--------+--------+--------+--------+--------+-----+--------+

Top non-repeatable levels by time:
     D:1: 399 daAuts
